 Dungeon Crawl Stone Soup version 0.24.0 (webtiles) character file.

Game seed: 15057905473370817895, levelgen mode: deterministic

45524 MrPhthalo the Bludgeoner (level 14, -1/169 HPs)
             Began as a Demonspawn Berserker on May 29, 2020.
             Was the Champion of Trog.
             Slain by a two-headed ogre
             ... wielding a +0 giant spiked club
              (15 damage)
             ... on level 14 of the Dungeon.
             The game lasted 01:50:23 (19471 turns).

MrPhthalo the Bludgeoner (Demonspawn Berserker)    Turns: 19471, Time: 01:50:25

Health: -1/169     AC: 29    Str: 27    XL:     14   Next: 1%
Magic:  5/14       EV: 13    Int:  8    God:    Trog [******]
Gold:   1396       SH:  0    Dex: 18    Spells: 13/13 levels left

rFire    . . .     SeeInvis .   q - +4 great mace (protect)
rCold    . . .     Gourm    .   (shield currently unavailable)
rNeg     + . .     Faith    .   O - +0 plate armour
rPois    .         Spirit   .   (helmet restricted)
rElec    .         Reflect  .   G - +1 cloak
rCorr    .         Harm     .   y - +2 pair of gloves
MR       +....                  e - +0 pair of boots
Stlth    ..........             x - amulet of the acrobat
HPRegen  0.38/turn              Y - ring of positive energy
MPRegen  0.14/turn              I - +2 ring of evasion

@: berserking, protection aura, hasted, very quick
A: horns 2, thin skeletal structure 2, spiny 2, rot immunity
a: Berserk, Trog's Hand, Brothers in Arms, Renounce Religion


You were on level 14 of the Dungeon.
You worshipped Trog.
Trog was exalted by your worship.
You were not hungry.

You visited 3 branches of the dungeon, and saw 17 of its levels.
You also visited: Bailey.

You collected 1396 gold pieces.

Inventory:

Hand Weapons
 q - a +4 great mace of protection (weapon)
 E - a +1 triple sword of slicing
Missiles
 w - 3 silver javelins (quivered)
Armour
 e - a +0 pair of boots (worn)
 y - a +2 pair of gloves (worn)
 G - a +1 cloak (worn)
 O - a +0 plate armour (worn)
 T - a +0 robe
Magical Staves
 b - an uncursed staff of power {unknown}
 R - an uncursed staff of power {unknown}
Jewellery
 j - an uncursed ring of fire
 l - an uncursed ring of flight
 s - an uncursed ring of fire
 x - an amulet of the acrobat (around neck)
 I - a +2 ring of evasion (right hand)
 K - an uncursed amulet of the gourmand
 Q - an uncursed ring of resist corrosion
 Y - a ring of positive energy (left hand)
Wands
 C - a wand of flame (15)
 H - a wand of paralysis (17)
 P - a wand of iceblast (5)
 Z - a wand of scattershot (2)
Scrolls
 i - 2 scrolls of noise
 k - 2 scrolls of fog {unknown}
 m - 2 scrolls of teleportation
 n - 5 scrolls of magic mapping
 r - 5 scrolls of amnesia
 t - a scroll of fear
 u - a scroll of enchant armour
 v - a scroll of random uselessness {unknown}
 B - 7 scrolls of remove curse
 F - a scroll of enchant weapon {unknown}
 J - 4 scrolls of identify
 L - 2 scrolls of blinking {unknown}
 U - 3 scrolls of immolation {unknown}
Potions
 a - 2 potions of brilliance {unknown}
 d - 3 potions of agility
 f - 3 potions of degeneration {unknown}
 g - 9 potions of curing
 h - 3 potions of might
 o - 5 potions of invisibility
 p - 2 potions of haste
 z - 2 potions of flight
 A - a potion of ambrosia {unknown}
 D - 2 potions of magic {unknown}
 M - a potion of mutation {unknown}
 N - a potion of resistance {unknown}
 S - a potion of cancellation {unknown}
 V - a potion of heal wounds
 W - 2 potions of lignification {unknown}
Comestibles
 c - 11 rations


   Skills:
 + Level 11.0 Fighting
 + Level 3.8 Long Blades
 + Level 15.2 Maces & Flails
 + Level 0.8 Throwing
 + Level 11.3 Armour
 + Level 5.3 Dodging
 + Level 2.5 Stealth


You had 13 spell levels left.
You didn't know any spells.
Your spell library contained the following spells:

 Spells                   Type           Power        Failure   Level  Hunger
 Beastly Appendage        Tmut           #.....       98%         1    ##.....
 Confusing Touch          Hex            #.....       98%         1    ##.....
 Infusion                 Chrm           #...         98%         1    ##.....
 Sandblast                Erth           #.....       98%         1    ##.....
 Ensorcelled Hibernation  Hex/Ice        #.....       99%         2    ###....
 Passwall                 Tmut/Erth      #.......     99%         2    ###....
 Shroud of Golubria       Chrm/Tloc      #.....       99%         2    ###....
 Song of Slaying          Chrm           #.......     99%         2    ###....
 Sticks to Snakes         Tmut           #.......     99%         2    ###....
 Confuse                  Hex            #.......     100%        3    ####...
 Gell's Gravitas          Tloc           #.........   100%        3    ####...
 Regeneration             Chrm/Necr      #.........   100%        3    ####...
 Spectral Weapon          Hex/Chrm       #.......     100%        3    ####...
 Spider Form              Tmut/Pois      #.........   100%        3    ####...
 Stone Arrow              Conj/Erth      #.....       100%        3    ####...
 Ice Form                 Ice/Tmut       #.......     100%        4    #####..
 Petrify                  Tmut/Erth      #.......     100%        4    #####..
 Blade Hands              Tmut           #.........   100%        5    ######.
 Borgnjor's Vile Clutch   Necr/Erth      #.........   100%        5    ######.
 Irradiate                Conj/Tmut      #.........   100%        5    ######.
 Lee's Rapid Deconstruct  Erth           #.........   100%        5    ######.
 Metabolic Englaciation   Hex/Ice        #.........   100%        5    ######.
 Silence                  Hex/Air        #.........   100%        5    ######.
 Yara's Violent Unravell  Hex/Tmut       #.........   100%        5    ######.
 Darkness                 Hex            #.........   100%        6    #######
 Hydra Form               Tmut           #.........   100%        6    #######
 Shadow Creatures         Summ           N/A          100%        6    #######
 Statue Form              Tmut/Erth      #........    100%        6    #######
 Dragon Form              Tmut           #.........   100%        7    #######


Dungeon Overview and Level Annotations

Branches:
Dungeon (15/15)            Temple (0/1) D:5            Lair (1/6) D:8
    Orc (1/2) D:12         Vaults (0/5) D:14         Bailey (visited)
 Depths: D:15

Altars:
Ashenzari
Dithmenos
Elyvilon
Fedhas
Gozag
Hepliaklqana
Nemelex Xobeh
Okawaru
Trog
Uskayaw
Vehumet
Wu Jian
Xom
Yredelemnul
Zin


Innate Abilities, Weirdness & Mutations

You have a pair of horns on your head.
You have a moderately thin skeletal structure. (Dex +4, Stealth+)
You are mostly covered in sharp spines.
You are immune to rotting.


Message History

The two-headed ogre hits you with a +0 giant club!
* * * LOW HITPOINT WARNING * * *
The two-headed ogre hits you with a cursed -2 giant spiked club!!
* * * LOW HITPOINT WARNING * * *
The two-headed ogre closely misses you.
The two-headed ogre hits you but does no damage.
The eye of draining gazes at you.
You feel your power leaking away.
You climb upwards.
There is a stone staircase leading down here.
You are too berserk!
Unknown command.
You flatten the eye of draining like a pancake!!!
Your weapon exudes an aura of protection.
You feel the power of Trog in you as your rage grows.
You kill the eye of draining!
Trog accepts your kill.
The two-headed ogre hits you but does no damage.
The two-headed ogre hits you with a +0 giant club!
You die...

#........#########.### #..
#.######## #.# #.# #.# #.# #.#
#.# #.# ######## #.# #.# #.#
#...,..# #.# #.# ###.###.#**#.#
#.# #.# #.......## #.# #.# #.#
#O#.##...###.###.# #.##
#@#.#.....(......# ...#
#.WO.......#.###.. #..#
#.#..........###.≈
#..#############.####...........≈
#..##...(........# ##.#.#.####.≈
#.....#.########.#####.#.#.# ##.≈
##........# #.......#.#.# #..≈
########(##############.#.# #..≈
#(.(..())))..<...#.###..≈


You could see 2 two-headed ogres and a shadow.

Vanquished Creatures
  Kirke (D:14)
  Roxanne (D:14)
  A stone giant (Orc:1)
  A fire dragon (D:14)
  2 vault guards (D:14)
  3 centaur warriors
  A catoblepas (D:13)
  2 two-headed ogres
  3 death yaks (D:8)
  A fire crab (shapeshifter) (D:13)
  2 unseen horrors
  4 wizards
  2 necromancers (D:14)
  An orc knight (D:13)
  3 ugly things
  An orc sorcerer (D:13)
  3 cyclopes
  2 deep elf magi
  A centaur zombie (D:14)
  A gargoyle (D:15)
  A spiny frog (Lair:1)
  2 komodo dragons
  An efreet (D:14)
  A yaktaur (shapeshifter) (D:14)
  5 yaktaurs
  A tengu conjurer (D:13)
  3 trolls
  3 hippogriffs
  A shadow (D:7)
  4 wraiths
  21 yaks
  A yak (shapeshifter) (D:14)
  5 wyverns
  2 hungry ghosts
  7 hogs
  19 humans
  13 vampire mosquitoes
  An acid dragon (D:13)
  6 porcupines
  2 water moccasins (Lair:1)
  9 ice beasts
  15 orc warriors
  4 sky beasts
  4 phantoms
  An eye of draining (D:14)
  A necrophage (D:13)
  8 ogres
  7 centaurs
  3 crocodiles
  A gnoll sergeant (D:12)
  4 big kobolds
  15 bullfrogs
  A jelly (D:9)
  A scorpion (D:10)
  11 killer bees
  11 wights
  2 electric eels (D:9)
  3 howler monkeys
  5 crimson imps
  A lava snake (D:7)
  A quasit (D:9)
  4 bullfrog skeletons
  3 hounds
  9 orc priests
  4 centaur skeletons
  18 orc wizards
  5 iguanas
  4 hell rats (D:8)
  13 worker ants
  A killer bee zombie (D:9)
  2 hound zombies
  2 hound skeletons
  A howler monkey zombie (D:6)
  17 gnolls
  13 adders
  4 shadow imps
  An ooze (D:5)
  2 adder zombies
  4 adder skeletons
  2 worms
  4 dart slugs
  5 leopard geckos
  43 orcs
  15 bats
  6 giant cockroaches
  5 hobgoblins
  12 jackals
  2 quokkas
  A ball python (D:3)
  7 frilled lizards
  10 goblins
  26 kobolds
  A quokka skeleton (D:6)
  9 rats
  2 fungi (D:2)
500 creatures vanquished.

Vanquished Creatures (others)
  A necromancer (D:14)
  A centaur simulacrum (D:14)
  3 humans (D:15)
  An orc (D:13)
  A fungus (Lair:1)
  5 plants (D:15)
12 creatures vanquished.

Grand Total: 512 creatures vanquished

Notes
Turn   | Place    | Note
-------+----------+-------------------------------------------
     0 | D:1      | MrPhthalo the Demonspawn Berserker began the quest for the
                  | Orb.
     0 | D:1      | Reached XP level 1. HP: 18/18 MP: 1/1
   268 | D:1      | Gained mutation: You are partially covered in sharp spines.
                  | [demonic ancestry]
   268 | D:1      | Reached XP level 2. HP: 1/24 MP: 2/2
   926 | D:1      | Reached XP level 3. HP: 20/29 MP: 3/3
  1787 | D:2      | Found a blossoming altar of Fedhas.
  1800 | D:2      | Reached ** piety under Trog
  1800 | D:2      | Gained mutation: You have a pair of small horns on your
                  | head. [demonic ancestry]
  1800 | D:2      | Reached XP level 4. HP: 23/35 MP: 4/4
  2361 | D:2      | Found a hazy altar of Hepliaklqana.
  2546 | D:3      | Reached skill level 1 in Stealth
  2554 | D:3      | Reached skill level 1 in Maces & Flails
  2554 | D:3      | Gained mutation: You are immune to rotting. [demonic
                  | ancestry]
  2554 | D:3      | Reached XP level 5. HP: 33/42 MP: 5/5
  2973 | D:3      | Reached *** piety under Trog
  3228 | D:4      | Reached skill level 2 in Maces & Flails
  3360 | D:4      | Reached XP level 6. HP: 48/48 MP: 6/6
  3434 | D:4      | Found a glowing silver altar of Zin.
  3434 | D:4      | Found a white marble altar of Elyvilon.
  3435 | D:4      | Found a shadowy altar of Dithmenos.
  3810 | D:4      | Reached skill level 3 in Maces & Flails
  4021 | D:5      | Entered Level 5 of the Dungeon
  4021 | D:5      | Noticed an ice beast
  4027 | D:5      | Killed an ice beast
  4027 | D:5      | Reached XP level 7. HP: 40/55 MP: 7/7
  4434 | D:5      | Reached skill level 4 in Maces & Flails
  4596 | D:5      | Found a staircase to the Ecumenical Temple.
  5048 | D:5      | Reached **** piety under Trog
  5051 | D:5      | Reached XP level 8. HP: 53/61 MP: 8/8
  5394 | D:6      | Reached skill level 5 in Maces & Flails
  5552 | D:6      | Reached skill level 5 in Fighting
  5552 | D:6      | Reached skill level 5 in Armour
  5858 | D:6      | Reached skill level 6 in Maces & Flails
  6229 | D:7      | Noticed a hippogriff
  6763 | D:7      | Killed a hippogriff
  6763 | D:7      | Reached XP level 9. HP: 68/68 MP: 9/9
  6875 | D:7      | Reached skill level 7 in Maces & Flails
  7051 | D:7      | Reached skill level 8 in Maces & Flails
  7165 | D:7      | Noticed a yaktaur
  7173 | D:7      | Killed a yaktaur
  7328 | D:7      | Found a sparkling altar of Nemelex Xobeh.
  7329 | D:7      | Found an opulent altar of Gozag.
  7457 | D:7      | Gained mutation: You have a somewhat thin skeletal
                  | structure. (Dex +2, Stealth) [demonic ancestry]
  7457 | D:7      | Reached XP level 10. HP: 46/76 MP: 10/10
  7460 | D:7      | Reached skill level 9 in Maces & Flails
  7777 | D:7      | Found an iron altar of Okawaru.
  7801 | D:7      | Reached skill level 5 in Dodging
  7913 | D:8      | Noticed a death yak
  7919 | D:8      | Noticed a death yak
  8665 | D:8      | Noticed a death yak
  8696 | D:8      | Killed a death yak
  8700 | D:8      | Killed a death yak
  8704 | D:8      | Killed a death yak
  8704 | D:8      | Reached skill level 10 in Maces & Flails
  8843 | D:8      | Found a staircase to the Lair.
  9260 | Lair:1   | Entered Level 1 of the Lair of Beasts
  9396 | Lair:1   | Gained mutation: You are mostly covered in sharp spines.
                  | [demonic ancestry]
  9396 | Lair:1   | Reached XP level 11. HP: 66/84 MP: 11/11
 10093 | Lair:1   | Reached ***** piety under Trog
 10093 | Lair:1   | Reached skill level 11 in Maces & Flails
 10410 | D:9      | Found a shattered altar of Ashenzari.
 10410 | D:9      | Found an ornate altar of the Wu Jian Council.
 10418 | D:9      | Found a basalt altar of Yredelemnul.
 10418 | D:9      | Found a bloodstained altar of Trog.
 10430 | D:9      | Found a radiant altar of Vehumet.
 10439 | D:9      | Found a hide-covered altar of Uskayaw.
 11367 | D:9      | Found a shimmering altar of Xom.
 11481 | D:10     | Entered Level 10 of the Dungeon
 11834 | D:10     | Received a gift from Trog
 12307 | D:10     | Noticed a cyan ugly thing
 12320 | D:10     | Killed a cyan ugly thing
 12649 | D:11     | Got a bloodstained ring mail
 12766 | D:11     | Reached skill level 12 in Maces & Flails
 13377 | D:12     | Noticed a centaur warrior
 13390 | D:12     | Killed a centaur warrior
 13461 | D:12     | Gained mutation: You have a moderately thin skeletal
                  | structure. (Dex +4, Stealth+) [demonic ancestry]
 13461 | D:12     | Reached XP level 12. HP: 64/94 MP: 12/12
 14655 | D:12     | Noticed a two-headed ogre
 14664 | D:12     | Killed a two-headed ogre
 14782 | D:12     | Found a staircase to the Orcish Mines.
 14972 | D:12     | Received a gift from Trog
 15069 | Orc:1    | Entered Level 1 of the Orcish Mines
 15263 | Orc:1    | Noticed a two-headed ogre
 15270 | Orc:1    | Noticed a stone giant
 15271 | Orc:1    | Killed a two-headed ogre
 15271 | Orc:1    | Reached skill level 10 in Armour
 15526 | Orc:1    | Killed a stone giant
 15526 | Orc:1    | Reached skill level 13 in Maces & Flails
 15948 | D:13     | Noticed a centaur warrior
 15955 | D:13     | Killed a centaur warrior
 16701 | D:13     | Noticed a catoblepas
 16718 | D:13     | Killed a catoblepas
 17034 | D:13     | Paralysed by an orc sorcerer for 5 turns
 17353 | D:14     | Noticed a fire dragon
 17364 | D:14     | Killed a fire dragon
 17364 | D:14     | Reached XP level 13. HP: 26/103 MP: 13/13
 17634 | D:14     | Reached skill level 10 in Fighting
 17646 | D:14     | Found a flagged portal.
 17650 | D:14     | Received a gift from Trog
 17664 | Bailey   | Entered a bailey
 17727 | D:14     | Reached skill level 14 in Maces & Flails
 18120 | D:14     | Reached ****** piety under Trog
 18165 | D:14     | Found a gate to the Vaults.
 18523 | D:14     | Noticed Roxanne
 18540 | D:14     | Killed Roxanne
 18773 | D:15     | Entered Level 15 of the Dungeon
 18783 | D:15     | Noticed Kirke
 18784 | D:15     | Reached skill level 15 in Maces & Flails
 18801 | D:14     | Killed Kirke
 19277 | D:15     | Gained mutation: You have a pair of horns on your head.
                  | [demonic ancestry]
 19277 | D:15     | Reached XP level 14. HP: 61/113 MP: 14/14
 19471 | D:14     | Slain by a two-headed ogre

Levels and vault maps discovered:
D:1:      minmay_arrival_diagonal_passages, layout_basic
D:2:      layout_basic, fedhas_altar_3, old_standard_altar
D:3:      layout_rooms, minmay_misc_feat_diagonals, minivault_23
D:4:      layout_basic, gammafunk_temple_overflow_claw, first_ration,
          hangedman_decor_peaks_small, corner_web_ring
D:5:      layout_basic, minmay_temple_entry_hall, minmay_divided_ellipse
D:6:      layout_gridville
D:7:      layout_basic, grunt_temple_overflow_opulence, okawaru_humans,
          kennysheep_minor_cross, grunt_livestock, serial_bayou_pond_a,
          minmay_three_doors
D:8:      layout_loops_corners, dpeg_lair_monsters
D:9:      layout_basic, tgw_xom, grunt_temple_overflow_open
D:10:     layout_stronghold
D:11:     layout_gridville
D:12:     layout_loops_ring, david_orc_4, hangedman_decor_opposing
D:13:     layout_cave_pods, kennysheep_diamond
D:14:     layout_loops_ring, grunt_vaults_entry_tiered, nicolae_sextant,
          enter_bailey_3, uniq_roxanne
D:15:     grunt_enter_depths_giant_problem, layout_long_grid,
          serial_bayou_lagoon_a, uniq_kirke
Lair:1:   layout_roguey, beast_lair_carwin_4
Orc:1:    layout_diamond_mine
